 Dungeon Crawl Stone Soup version 0.20.0-8-g6b59dc7 (webtiles) character file.

5738 anfisbena the Carver (level 10, 0/85 HPs)
             Began as a Demonspawn Berserker on June 2, 2017.
             Was an Elder of Trog.
             Slain by a two-headed ogre
             ... wielding a +0 dire flail
              (8 damage)
             ... on level 9 of the Dungeon.
             The game lasted 00:10:13 (12051 turns).

anfisbena the Carver (Demonspawn Berserker)        Turns: 12051, Time: 00:10:14

Health: 0/85       AC: 18    Str: 15 (16) XL:     10   Next: 49%
Magic:  0/10       EV: 10    Int:  6 (8)  God:    Trog [****..]
Gold:   413        SH:  0    Dex: 20 (21) Spells: 9/9 levels left

rFire    . . .     SeeInvis .   l - +0 long sword (curse)
rCold    . . .     Gourm    .   (no shield)
rNeg     . . .     Faith    .   a - +0 plate armour
rPois    .         Spirit   +   (helmet restricted)
rElec    .         Reflect  .   y - scarf {cloud immunity}
rCorr    .         Harm     .   q - +0 pair of gloves
MR       ++...                  (no boots)
Stlth    +.........             (no amulet)
Regen    1.3/turn               A - +5 ring of protection
MPRegen  0.3/turn               (no ring)

@: agile, berserk cooldown, regenerating, slowed, drained, very slow
A: antennae 2, thin metallic scales 1, mutation resistance 1, nightstalker 1,
weak 1, magic shield, magic regeneration, MP-powered wands
a: Berserk, Trog's Hand, Brothers in Arms, Burn Spellbooks, Renounce Religion


You were on level 9 of the Dungeon.
You worshipped Trog.
Trog was greatly pleased with you.
You were very hungry.

You visited 1 branch of the dungeon, and saw 9 of its levels.

You collected 413 gold pieces.

Inventory:

Hand Weapons
 l - a cursed +0 long sword (weapon)
Armour
 a - a +0 plate armour (worn)
 q - a +0 pair of gloves (worn)
 y - a scarf of cloud immunity (worn)
Jewellery
 A - a +5 ring of protection (left hand)
Wands
 b - a wand of polymorph (16/24)
 s - a wand of confusion (22/48)
 u - a wand of paralysis (10/24)
 C - a wand of confusion (27/48)
Scrolls
 d - 9 scrolls of remove curse {unknown}
 f - 5 scrolls of magic mapping {unknown}
 g - 3 scrolls of recharging {unknown}
 i - 4 scrolls of enchant armour {unknown}
 k - 7 scrolls of identify {unknown}
 m - 3 scrolls of fog {unknown}
 o - a scroll of noise {unknown}
 r - a scroll of teleportation {unknown}
 t - 2 scrolls of amnesia {unknown}
 w - a scroll of enchant weapon {unknown}
 B - a scroll of immolation {unknown}
 D - a scroll of random uselessness {unknown}
Potions
 e - 2 potions of brilliance {unknown}
 j - 3 potions of heal wounds {unknown}
 n - 4 potions of curing {unknown}
 v - a potion of lignification {unknown}
 E - 2 potions of mutation {unknown}
 G - a potion of cancellation {unknown}
 H - a potion of might {unknown}
 K - a potion of flight {unknown}
Books
 p - a book of Minor Magic

   Spells                             Type                      Level
   a - Magic Dart                     Conjuration                  1
   b - Blink                          Translocation                2
   c - Call Imp                       Summoning                    2
   d - Slow                           Hexes                        2
   e - Conjure Flame                  Conjuration/Fire             3
   f - Mephitic Cloud                 Conjuration/Poison/Air       3
   Trog disapproves of the use of such an item.
 I - a book of Debilitation

   Spells                             Type                      Level
   a - Corona                         Hexes                        1
   b - Slow                           Hexes                        2
   c - Inner Flame                    Hexes/Fire                   3
   d - Portal Projectile              Hexes/Translocation          3
   e - Cause Fear                     Hexes                        4
   f - Leda's Liquefaction            Hexes/Earth                  4
   Trog disapproves of the use of such an item.
Comestibles
 c - 9 bread rations
 h - 4 royal jellies
 x - 4 meat rations
 z - 2 fruits
 J - a chunk of flesh


   Skills:
 - Level 10.0(8.7) Fighting
 + Level 10.4(9.1) Long Blades
 + Level 2.6(1.6) Armour
 + Level 2.8(1.8) Dodging
 - Level 5.0(3.8) Stealth


You had 9 spell levels left.
You didn't know any spells.

Dungeon Overview and Level Annotations

Branches:
Dungeon (9/15)             Temple (0/1) D:6
   Lair: D:8-11         Orc: D:9-12

Altars:
Dithmenos
Elyvilon
Gozag
Hepliaklqana
Kikubaaqudgha
Ru
Sif Muna
Uskayaw
Vehumet
Yredelemnul
Zin
The Shining One

Shops:
D:4 [   D:9 :

Annotations:
D:1 1 runed door
D:7 1 transporter


Innate Abilities, Weirdness & Mutations

You have a pair of antennae on your head.
You are partially covered in thin metallic scales. (AC +2)
You are slightly more attuned to the shadows.
When hurt, damage is shared between your health and your magic reserves.
You regenerate magic rapidly.
You are somewhat resistant to further mutation.
You are weak. (Str -2)
You expend magic power (3 MP) to strengthen your wands.


Message History

The two-headed ogre is severely wounded.
The two-headed ogre barely misses you.
The two-headed ogre hits you with a giant spiked club.
* * * LOW HITPOINT WARNING * * *
You hit the two-headed ogre but do no damage.
The two-headed ogre is severely wounded.
The two-headed ogre hits you with a dire flail.
* * * LOW HITPOINT WARNING * * *
The two-headed ogre hits you with a giant spiked club.
* * * LOW HITPOINT WARNING * * *
Your skin crawls.
You feel resistant to hostile enchantments.
You are feeling very hungry.
The two-headed ogre barely misses you.
The two-headed ogre hits you but does no damage.
You slash the two-headed ogre!
The two-headed ogre is almost dead.
The two-headed ogre hits you but does no damage.
The two-headed ogre hits you with a giant spiked club!
You die...

.........# ...... #.......
#...#.##.......#......#
##......#.............#
#.........###.#......#
##.....#.###.........#
...###.#.......#.........#####
#........O..##...........#....
.....#.∩.#.#####..#..[<..#....
...........cO@....##..........
.......#....###.............))
...........................)))
.....#..........#.##.####.....
######.........#.##.# #[....
...........#.##.## ##..<.
##............÷..# #....
#........#......# #....
########.#......# ###..


You could see a two-headed ogre and a centaur.

Vanquished Creatures
  Pikel (D:5)
  The ghost of kalagan the Magician, a novice DEAE (D:6)
  A hornet (D:9)
  A hippogriff (D:7)
  2 vampires (D:7)
  Edmund (D:4)
  Menkaure (D:7)
  A water moccasin (D:7)
  An orc warrior (D:7)
  A sky beast (D:8)
  2 necrophages (D:7)
  3 phantoms
  6 ogres
  2 centaurs (D:7)
  A big kobold (D:7)
  3 bullfrogs
  A wyvern skeleton (D:8)
  3 scorpions
  10 killer bees (D:8)
  7 wights
  A howler monkey (D:6)
  A crimson imp (D:5)
  2 bullfrog zombies (D:5)
  2 centaur zombies
  8 hounds
  A jelly (D:7)
  8 orc priests
  2 bullfrog skeletons
  A centaur skeleton (D:4)
  3 iguanas
  7 orc wizards
  2 worker ants (D:5)
  A hound skeleton (D:5)
  A mummy (D:7)
  2 worker ant zombies
  9 gnolls
  8 adders
  3 shadow imps
  2 oozes
  An adder skeleton (D:5)
  3 leopard geckos
  28 orcs
  7 giant cockroaches
  6 goblins
  9 hobgoblins
  5 jackals
  9 kobolds
  3 quokkas
  8 bats
  5 frilled lizards
  A jackal skeleton (D:6)
  A quokka zombie (D:5)
  3 rats
202 creatures vanquished.

Vanquished Creatures (others)
  A slave (D:5)
  A centaur (D:5)
  A jelly (D:5)
3 creatures vanquished.

Grand Total: 205 creatures vanquished

Notes
Turn   | Place    | Note
-------+----------+-------------------------------------------
     0 | D:1      | anfisbena the Demonspawn Berserker began the quest for the Orb.
     0 | D:1      | Reached XP level 1. HP: 18/18 MP: 1/1
     1 | D:1      | Found a runed door.
   406 | D:1      | Gained mutation: You are partially covered in thin metallic scales. (AC +2) [demonic ancestry]
   406 | D:1      | Reached XP level 2. HP: 18/24 MP: 2/2
  1216 | D:1      | Gained mutation: You have a pair of small antennae on your head. [demonic ancestry]
  1216 | D:1      | Reached XP level 3. HP: 20/29 MP: 3/3
  1226 | D:1      | Reached ** piety under Trog
  1690 | D:2      | Found a glowing silver altar of Zin.
  2182 | D:2      | Found a deep blue altar of Sif Muna.
  2480 | D:3      | Gained mutation: You are slightly more attuned to the shadows. [demonic ancestry]
  2480 | D:3      | Reached XP level 4. HP: 4/37 MP: 4/4
  2534 | D:3      | HP: 1/37 [quokka (2)]
  2869 | D:3      | Found a glowing golden altar of the Shining One.
  3146 | D:3      | HP: 2/57 [orc/whip (3)]
  3148 | D:3      | Reached XP level 5. HP: 2/43 MP: 5/5
  4011 | D:3      | Reached skill level 5 in Fighting
  4098 | D:3      | Found a sacrificial altar of Ru.
  4197 | D:4      | Found Ciurifiu's Armour Boutique.
  4402 | D:4      | Noticed Edmund
  4421 | D:4      | Killed Edmund
  4421 | D:4      | Reached skill level 5 in Long Blades
  4421 | D:4      | Gained mutation: You have a pair of antennae on your head. [demonic ancestry]
  4421 | D:4      | Reached XP level 6. HP: 9/51 MP: 6/6
  4730 | D:4      | You fall through a shaft!
  4730 | D:5      | Entered Level 5 of the Dungeon
  5072 | D:4      | Gained mutation: When hurt, damage is shared between your health and your magic reserves. [demonic ancestry]
  5072 | D:4      | Reached XP level 7. HP: 35/58 MP: 7/7
  5752 | D:5      | Noticed Pikel
  5761 | D:5      | Paralysed by Pikel for 4 turns
  5768 | D:5      | Paralysed by Pikel for 2 turns
  5774 | D:5      | Killed Pikel
  5774 | D:5      | Reached XP level 8. HP: 64/67 MP: 8/8
  6089 | D:5      | Reached *** piety under Trog
  6724 | D:6      | Noticed kalagan's ghost (novice DEAE)
  6743 | D:6      | Killed kalagan's ghost
  7080 | D:6      | Gained mutation: You regenerate magic rapidly. [demonic ancestry]
  7080 | D:6      | Reached XP level 9. HP: 34/75 MP: 3/9
  7737 | D:6      | Reached **** piety under Trog
  7970 | D:6      | Found a staircase to the Ecumenical Temple.
  8680 | D:7      | Found an ancient bone altar of Kikubaaqudgha.
  8724 | D:7      | Found a hazy altar of Hepliaklqana.
  9016 | D:7      | Found a transporter.
  9081 | D:7      | Reached skill level 10 in Fighting
  9278 | D:7      | Reached skill level 1 in Stealth
  9350 | D:7      | Found a radiant altar of Vehumet.
  9653 | D:7      | Found a basalt altar of Yredelemnul.
  9653 | D:7      | Found a transporter.
  9653 | D:7      | Noticed Menkaure
  9660 | D:7      | Killed Menkaure
  9854 | D:7      | Reached XP level 10. HP: 53/85 MP: 7/10
 10353 | D:8      | Found a hide-covered altar of Uskayaw.
 10448 | D:8      | Reached skill level 10 in Long Blades
 10538 | D:8      | Gained mutation: You are weak. (Str -2) [mutagenic meat]
 10539 | D:8      | Gained mutation: You expend magic power (3 MP) to strengthen your wands. [mutagenic meat]
 10540 | D:8      | Gained mutation: You are somewhat resistant to further mutation. [mutagenic meat]
 10578 | D:8      | Found a shadowy altar of Dithmenos.
 10705 | D:8      | Found an opulent altar of Gozag.
 10925 | D:8      | Found a white marble altar of Elyvilon.
 11340 | D:8      | Reached skill level 5 in Stealth
 11995 | D:9      | Found Faopn's Book Shoppe.
 12013 | D:9      | Noticed a two-headed ogre
 12049 | D:9      | HP: 4/85 [two-headed ogre/dire flail (2)]
 12051 | D:9      | Slain by a two-headed ogre

Skill      XL: |  1  2  3  4  5  6  7  8  9 10 |
---------------+-------------------------------+-----
Long Blades    | 3 4 5 6 8 9 10 | 10.4
Fighting       | 4 5 6 7 8 10 | 10.0
Stealth        | 3 5 |  5.0
Armour         | 2 |  2.6
Dodging        | 2 |  2.8

Action                   |  1- 3 |  4- 6 |  7- 9 | 10-12 || total
-------------------------+-------+-------+-------+-------++-------
Melee: Falchion          |   123 |       |       |       ||   123
       Long sword        |    27 |   168 |   490 |   211 ||   896
Invok: Berserk           |       |     5 |     9 |     4 ||    18
       Trog's Hand       |       |       |     1 |     1 ||     2
  Use: Potion            |       |       |       |     2 ||     2
 Stab: Sleeping          |     2 |       |       |       ||     2
  Eat: Chunk             |     5 |    13 |    21 |    13 ||    52
       Fruit             |       |       |     2 |     4 ||     6
Armor: Animal skin       |    58 |     2 |       |       ||    60
       Plate armour      |       |   153 |   409 |   168 ||   730
Dodge: Dodged            |   111 |    48 |   128 |    63 ||   350
       Rpst.: Falchion   |    20 |       |       |       ||    20
       Long sword        |     8 |    17 |    34 |    14 ||    73
